 Dungeon Crawl Stone Soup version 0.19-a0-1834-g6b7851e (webtiles) character file.

270 Miyamura the Sneak (level 6, 0/39 HPs)
             Began as an Octopode Ice Elementalist on Oct 8, 2016.
             Slain by an orc
             ... wielding a +0 short sword
              (3 damage)
             ... on level 4 of the Dungeon.
             The game lasted 00:07:43 (4151 turns).

Miyamura the Sneak (Octopode Ice Elementalist)      Turns: 4151, Time: 00:07:44

Health: 0/39       AC:  1    Str:  7    XL:     6   Next: 22%
Magic:  10/10      EV: 14    Int: 18    God:
Gold:   287        SH:  0    Dex: 14    Spells: 2 memorised, 6 levels left

rFire  . . .     SeeInvis .     j - +4 quarterstaff (chaos)
rCold  . . .     Gourm    .     (shield currently unavailable)
rNeg   . . .     Faith    .     (helmet restricted)
rPois  .         Spirit   .     n - amulet of dismissal
rElec  .         Dismiss  +     (no ring)
rCorr  .         Reflect  .     (no ring)
MR     .....     Harm     .     (no ring)
Stlth  ++++......               (no ring)
                                (no ring)
                                (no ring)
                                (no ring)
                                (no ring)

@: lethally poisoned (0 -> -4)
A: almost no armour, stealthy swim, amphibious, 8 rings, constrict 8, camouflage
1, gelatinous body 1
a: no special abilities


You were on level 4 of the Dungeon.
You were not hungry.

You visited 1 branch of the dungeon, and saw 4 of its levels.

You collected 287 gold pieces.

Inventory:

Hand Weapons
 j - a +4 quarterstaff of chaos (weapon)
 o - a +1 whip of electrocution
Jewellery
 n - an amulet of dismissal (around mantle)
 p - a +5 ring of strength {unknown}
Scrolls
 c - a scroll of fear
 f - 4 scrolls of remove curse
 g - a scroll of magic mapping {unknown}
 h - a scroll of amnesia
 i - a scroll of teleportation
 q - a scroll of enchant armour {unknown}
 r - a scroll of enchant weapon {unknown}
Potions
 d - a potion of berserk rage
 e - 5 potions of curing
 k - 2 potions of flight
 s - 2 potions of heal wounds {unknown}
 t - a potion of degeneration {unknown}
Books
 a - a book of Frost

   Spells                             Type                      Level
   a - Freeze                         Ice                          1
   b - Throw Frost                    Conjuration/Ice              2
   c - Ozocubu's Armour               Charms/Ice                   3
   d - Throw Icicle                   Conjuration/Ice              4
   e - Summon Ice Beast               Ice/Summoning                4
Comestibles
 b - 4 bread rations
 m - a meat ration


   Skills:
 + Level 2.1 Fighting
 + Level 1.0 Staves
 + Level 2.9 Dodging
 + Level 4.1 Stealth
 - Level 1.5 Unarmed Combat
 + Level 2.9 Spellcasting
   Level 1.0 Conjurations
 + Level 1.6 Charms
 + Level 3.7 Ice Magic


You had 6 spell levels left.
You knew the following spells:

 Your Spells              Type           Power        Failure   Level  Hunger
a - Ozocubu's Armour      Chrm/Ice       ##......     21%         3    ###....
f - Freeze                Ice            ###.         4%          1    None


Dungeon Overview and Level Annotations

Branches:
Dungeon (4/15)
 Temple: D:4-7

Altars:
Dithmenos
Gozag
Uskayaw


Innate Abilities, Weirdness & Mutations

You cannot wear most types of armour.
You are very stealthy in the water. (Stealth+)
You are amphibious.
You can wear up to eight rings at the same time.
You can use your tentacles to constrict eight enemies at once.
Your skin changes colour to match your surroundings (Stealth+).
Your rubbery body absorbs attacks. (AC +1, EV +1)


Message History

The orc priest hits you with a dagger of venom.
You are poisoned.
You hit the orc priest.
The orc priest is heavily wounded.
You constrict the orc priest, but do no damage.
You feel sick. The orc barely misses you. The orc priest barely misses you.
You barely miss the orc priest.
The orc priest is heavily wounded.
You constrict the orc priest.
You feel sick. The orc completely misses you.
The orc priest mumbles some strange prayers to Beogh against you.
Beogh smites you! The orc hits you with a short sword.
You hit the orc priest but do no damage.
You squeeze the orc priest.
The orc priest is severely wounded.
You constrict the orc priest.
You feel sick.
The orc priest calls down the wrath of Beogh upon you.
Beogh smites you!
* * * LOW HITPOINT WARNING * * *
The orc hits you with a short sword.
You die...

##### .
..########..o..
.#................o
... ##.##.# ###.###
##...#o# #
##.....###....@.#
#.#.8...8.#.....#o#
#.#.......#.##.##.#
#....._.....##.# >.
#.......####.# ###
#.8...8.# #'#
###.....## ...
#.###.### ..
##.#.#.#


You could see an orc priest and 2 orcs.

Vanquished Creatures
  Crazy Yiuf (D:2)
  Jessica (D:3)
  Natasha (thrice) (D:3)
  Robin (D:1)
  4 adders
  An ooze (D:3)
  3 dart slugs
  3 leopard geckos
  2 orcs
  2 ball pythons (D:2)
  5 bats
  A giant cockroach (D:3)
  14 goblins
  7 hobgoblins
  13 jackals
  5 frilled lizards
  5 kobolds
  5 rats
76 creatures vanquished.

Notes
Turn   | Place    | Note
-------+----------+-------------------------------------------
     0 | D:1      | Miyamura the Octopode Ice Elementalist began the quest for the Orb.
     0 | D:1      | Reached XP level 1. HP: 11/11 MP: 3/3
     3 | D:1      | Noticed an electric eel
     3 | D:1      | Noticed an electric eel
   466 | D:1      | Reached skill level 3 in Stealth
   466 | D:1      | Reached XP level 2. HP: 17/17 MP: 5/5
   891 | D:2      | Noticed Robin
  1279 | D:1      | Reached XP level 3. HP: 17/21 MP: 1/6
  1348 | D:2      | Found a hide-covered altar of Uskayaw.
  1363 | D:2      | Learned a level 3 spell: Ozocubu's Armour
  1566 | D:1      | Killed Robin
  1786 | D:2      | Reached skill level 1 in Unarmed Combat
  2028 | D:2      | Reached skill level 1 in Fighting
  2033 | D:2      | Reached XP level 4. HP: 25/28 MP: 7/7
  2493 | D:2      | Found a runed door.
  2748 | D:2      | Noticed Crazy Yiuf
  2751 | D:2      | Killed Crazy Yiuf
  2835 | D:3      | Noticed Natasha
  2889 | D:3      | Reached skill level 1 in Charms
  2889 | D:3      | Reached XP level 5. HP: 28/33 MP: 8/8
  3313 | D:3      | Killed Natasha
  3321 | D:3      | Noticed Natasha
  3327 | D:3      | Killed Natasha
  3328 | D:3      | Noticed Natasha
  3340 | D:3      | Killed Natasha
  3340 | D:3      | Reached skill level 1 in Staves
  3340 | D:3      | Reached XP level 6. HP: 28/39 MP: 10/10
  3470 | D:3      | Noticed Jessica
  3476 | D:3      | Killed Jessica
  3476 | D:3      | Reached skill level 4 in Stealth
  3526 | D:3      | Found a faded altar of an unknown god.
  3630 | D:4      | Found a shadowy altar of Dithmenos.
  3958 | D:4      | Found an opulent altar of Gozag.
  4151 | D:4      | Slain by an orc

Vault maps used:
D:1:      arrival_aquarium_b
D:2:      lemuel_coloured_pillars_altar, first_bread, uniq_crazy_yiuf_cottage,
          uniq_robin
D:3:      ecumenical_altar_1, uniq_jessica, uniq_natasha
D:4:      nicolae_overflow_crystal_walls, grunt_gozag_statues, uniq_pikel

Skill      XL: |  1  2  3  4  5  6 |
---------------+-------------------+-----
Stealth        | 3 4 |  4.1
Unarmed Combat | 1 |  1.5
Fighting       | 1 2 |  2.1
Charms         | 1 |  1.6
Staves         | 1 |  1.0
Dodging        | |  2.9
Spellcasting   | |  2.9
Conjurations   | |  1.0
Ice Magic      | |  3.7

Action                   |  1- 3 |  4- 6 || total
-------------------------+-------+-------++-------
Melee: Unarmed           |    48 |    50 ||    98
       Constrict         |    18 |    30 ||    48
       Tentacles         |    10 |    16 ||    26
       Quarterstaff      |       |    58 ||    58
       Whip              |       |     3 ||     3
       Punch             |       |     3 ||     3
 Cast: Freeze            |    22 |     4 ||    26
  Use: Scroll            |     3 |     2 ||     5
       Potion            |       |     3 ||     3
 Stab: Sleeping          |     3 |     4 ||     7
       Distracted        |       |     1 ||     1
  Eat: Chunk             |     4 |     5 ||     9
       Beef jerky        |       |     1 ||     1
Armor: Skin              |     1 |     5 ||     6
Dodge: Dodged            |    54 |    87 ||   141
